 Dungeon Crawl Stone Soup version 0.29-a0-330-g52719c12eb (webtiles) character file.

Game seed: 8419348908333040694

781 dohliylev the Ruffian (level 7, 0/67 HPs)
             Began as a Troll Fighter on May 11, 2022.
             Splashed by a jelly's acid (8 damage)
             ... on level 5 of the Dungeon.
             The game lasted 00:08:15 (3936 turns).

dohliylev the Ruffian (Troll Fighter)               Turns: 3936, Time: 00:08:15

Health: 0/67       AC:  1    Str: 27    XL:     7   Next: 55%
Magic:  6/6        EV: 10    Int:  4    God:
Gold:   316        SH:  0    Dex:  9    Spells: 6/6 levels left

rFire   . . .      SeeInvis .     - Unarmed
rCold   . . .      Faith    .   h - orb {*Rage}
rNeg    . . .      Spirit   .   a - +0 robe
rPois   .          Reflect  .   x - +1 hat
rElec   .          Harm     .   (no cloak)
rCorr   .          Rampage  .   (gloves unavailable)
Will    .....      Rage     20% (boots unavailable)
Stlth   +.........              (no amulet)
HPRegen 1.01/turn               (no ring)
MPRegen 0.10/turn               (no ring)

@: lethally poisoned (0 -> -1), corroded, on berserk cooldown, slowed, very slow
A: large, unfitting armour, claws 3, regeneration 1, shaggy fur 1, tough skin 1
a: no special abilities


You were on level 5 of the Dungeon.
You visited 1 branch of the dungeon, and saw 5 of its levels.

You collected 316 gold pieces.

Inventory:

Missiles
 o - 4 boomerangs (quivered)
Armour
 a - a +0 robe (worn)
 b - a +0 kite shield
 h - an orb of wrath (worn)
 x - a +1 hat (worn)
Jewellery
 k - a ring of positive energy
Wands
 p - a wand of mindburst (7)
Scrolls
 d - a scroll of amnesia {unknown}
 e - 3 scrolls of enchant weapon {unknown}
 f - a scroll of magic mapping {unknown}
 g - a scroll of teleportation {unknown}
 j - a scroll of noise {unknown}
 r - a scroll of immolation {unknown}
 u - 2 scrolls of identify {unknown}
 v - a scroll of silence {unknown}
Potions
 c - a potion of might
 i - 5 potions of curing {unknown}
 l - 3 potions of degeneration {unknown}
 m - a potion of mutation {unknown}
 n - 2 potions of magic {unknown}
 q - a potion of invisibility {unknown}
 s - a potion of berserk rage {unknown}
 t - a potion of cancellation {unknown}
 w - 3 potions of resistance {unknown}


   Skills:
 + Level 3.5 Fighting
 + Level 4.3 Dodging
 + Level 2.9 Shields
 + Level 6.5 Unarmed Combat


You had 6 spell levels left.
You didn't know any spells.
Your spell library contained the following spells:

 Spells                   Type           Power      Damage    Failure   Level
 Sandblast                Erth           0%         2d4       50%         1
 Passwall                 Tmut/Erth      0%         N/A       65%         2
 Sublimation of Blood     Necr           0%         N/A       65%         2
 Confusing Touch          Hex            0%         N/A       86%         3
 Stone Arrow              Conj/Erth      0%         3d7       86%         3
 Petrify                  Tmut/Erth      0%         N/A       99%         4
 Irradiate                Conj/Tmut      0%         3d13      100%        5
 Yara's Violent Unravell  Hex/Tmut       0%         3d3       100%        5
 Enfeeble                 Hex            0%         N/A       100%        7


Dungeon Overview and Level Annotations

Branches:
Dungeon (5/15)
 Temple: D:4-7

Altars:
Fedhas
Qazlal
Uskayaw


Innate Abilities, Weirdness & Mutations

You are too large for most types of armour.
You have claws for hands.
Your natural rate of healing is unusually fast.
You are covered in fur. (AC +1)
You have tough skin. (AC +1)


Message History

The adder is severely wounded.
The adder bites you but does no damage. The hound bites you but does no damage.
The adder bites you. The hound bites you but does no damage.
The jelly hits you. The acid corrodes you!
You are splashed with acid!
The jelly attacks as you move away! The jelly barely misses you.
The hound attacks as you move away! The hound bites you.
The adder closely misses you. The hound closely misses you.
The adder attacks as you move away! The adder misses you. The hound bites you.
The adder closely misses you.
You closely miss the adder.
The adder is severely wounded.
The hound bites you. The adder bites you but does no damage.
The hound closely misses you. The adder barely misses you.
You closely miss the adder.
The adder is severely wounded.
The hound closely misses you. The adder bites you but does no damage.
The hound closely misses you. The adder bites you.
You are poisoned.
The adder poisons you!
You claw the adder!
You kill the adder!
You feel sick.
The hound closely misses you. x2; The jelly barely misses you.
You claw the jelly!
Your claws burn!
The jelly is severely wounded.
You feel sick. The hound bites you. The jelly barely misses you.
The hound bites you.
You scratch the jelly.
Your claws burn!
The jelly is almost dead.
You feel sick. The hound barely misses you. The jelly barely misses you.
The hound bites you.
You completely miss the jelly.
The jelly is almost dead.
You feel sick. The hound bites you.
* * * LOW HITPOINT WARNING * * *
The jelly barely misses you. The hound bites you.
* * * LOW HITPOINT WARNING * * *
The jelly hits you.
* * * LOW HITPOINT WARNING * * *
You are splashed with acid!
You die...

##.>.#.#........#.##.##.....
.......#...)....### ##......
.................# .......
..........#[#....####......#
...........##.......#.......
......##.####...###........#
#.........# #...###.......#
###....#....#....J........!#
##..#.###.......@h..........
...##............#..........
...##..#.##........##$....).
.....##...#........# .......
.###.....##......### .......
.........#.......# .......
#.#............#.# #
#.#....#......##..
##.###.###........


You could see a hound and a jelly.

Vanquished Creatures
  Eustachio (D:4)
  2 bullfrogs (D:4)
  A scorpion (D:5)
  A howler monkey (D:5)
  A hound (D:5)
  2 jellies
  2 orc priests
  2 iguanas
  2 orc wizards
  3 adders
  A gnoll (D:4)
  An ufetubus (D:5)
  4 dart slugs
  19 orcs
  4 ball pythons
  7 bats
  8 endoplasms
  3 giant cockroaches
  5 goblins
  12 hobgoblins
  2 jackals (D:3)
  9 kobolds
  5 quokkas
  3 frilled lizards
  7 rats
107 creatures vanquished.

Notes
Turn   | Place    | Note
-------+----------+-------------------------------------------
     0 | D:1      | dohliylev the Troll Fighter began the quest for the Orb.
     0 | D:1      | Reached XP level 1. HP: 22/22 MP: 0/0
   158 | D:1      | Reached XP level 2. HP: 29/29 MP: 1/1
   994 | D:2      | Reached XP level 3. HP: 35/36 MP: 2/2
  1170 | D:2      | Found a faded altar of an unknown god.
  1501 | D:2      | Reached XP level 4. HP: 44/44 MP: 3/3
  1897 | D:3      | Reached skill level 3 in Unarmed Combat
  2131 | D:3      | Reached XP level 5. HP: 17/53 MP: 4/4
  2297 | D:3      | Reached skill level 4 in Unarmed Combat
  2926 | D:4      | Noticed Eustachio
  2964 | D:4      | Killed Eustachio
  2965 | D:4      | Reached XP level 6. HP: 44/61 MP: 5/5
  3161 | D:4      | Found a hide-covered altar of Uskayaw.
  3179 | D:4      | Reached skill level 5 in Unarmed Combat
  3248 | D:4      | Identified the +3 ring mail of the Eternal Fruit {Will+}
  3376 | D:5      | Entered Level 5 of the Dungeon
  3410 | D:4      | Reached XP level 7. HP: 35/67 MP: 6/6
  3617 | D:5      | Found a blossoming altar of Fedhas.
  3662 | D:5      | Found a stormy altar of Qazlal.
  3711 | D:4      | You fall into a shaft and drop 1 floor!
  3739 | D:5      | Reached skill level 6 in Unarmed Combat
  3936 | D:5      | Splashed by a jelly's acid

Illustrated notes

Levels and vault maps discovered:
D:1:      saegor_arrival_simple_e, layout_basic
D:2:      layout_loops_corners, basic_ecumenical_altar
D:3:      layout_basic, minmay_misc_feat_rugged, nicolae_figureground_sparkle
D:4:      minmay_octagon_keep, layout_layer_cave,
          eat_drink_and_be_merry_uskayaw, minmay_misc_feat_five, uniq_eustachio
D:5:      minmay_evil_eye, layout_cave_pools, fedhas_altar_3,
          mainiacjoe_overflow_alcove_4, lemuel_crystal_altar,
          minmay_misc_feat_chi, uniq_crazy_yiuf_cottage, uniq_menkaure

Skill      XL: |  1  2  3  4  5  6  7 |
---------------+----------------------+-----
Dodging        | 3 4 |  4.3
Unarmed Combat | 3 4 5 6 |  6.5
Fighting       | 3 |  3.5
Shields        | |  2.9

Action                   |  1- 3 |  4- 6 |  7- 9 || total
-------------------------+-------+-------+-------++-------
Melee: Unarmed           |   102 |   130 |    60 ||   292
Armor: Robe              |    42 |    53 |    18 ||   113
Dodge: Dodged            |    42 |    97 |    49 ||   188
Block: Kite shield       |    28 |       |       ||    28

Table legend: (Time is in decaauts)
 A = Elapsed time spent in this place.
 B = Non-inter-level travel time spent in this place.
 C = Inter-level travel time spent in this place.
 D = Time resting spent in this place.
 E = Time spent auto-exploring this place.
 F = Levels seen in this place.
 G = Mean time per level.
                   A        B        C        D        E       F      G
               +--------+--------+--------+--------+--------+-----+--------+
         Total |   4111 |   3984 |    127 |    349 |   2630 |   5 |  822.2 |
       Dungeon |   4111 |   3984 |    127 |    349 |   2630 |   5 |  822.2 |
               +--------+--------+--------+--------+--------+-----+--------+

Top non-repeatable levels by time:
     D:3: 1204 daAuts
     D:1: 985 daAuts
     D:2: 863 daAuts
     D:4: 796 daAuts
     D:5: 260 daAuts
